Map: Ruins of Endion

Players

Welmu

  • Race: Protoss Protoss
  • League: Grandmaster

MythiC - Winner!

  • Race: Terran Terran
  • League: Grandmaster

VOD

Have the link to the VOD?

Description

Time

  • Played on: May 11, 2016, 8:33 a.m.
  • Length: 8:00
Show
View Real Time Build Order
Export as new Build Order

Welmu Protoss 

Build Orders: 1 Gate Expand 

Get SALT Encoding   

  12  0:01  Probe (Chrono Boost)  
  13  0:11  Probe (Chrono Boost)  
  14  0:19  Pylon  
  14  0:22  Probe (Chrono Boost)  
  15  0:37  Gateway  
  15  0:38  Probe (Chrono Boost)  
  16  0:43  Assimilator  
  16  0:48  Probe (Chrono Boost)  
  17  0:59  Probe (Chrono Boost)  
  18  1:09  Probe (Chrono Boost)  
  19  1:18  Nexus  
  19  1:28  Cybernetics Core  
  19  1:30  Probe (Chrono Boost)  
  20  1:36  Assimilator  
  20  1:41  Probe (Chrono Boost)  
  20  1:45  Pylon  
  21  1:51  Probe (Chrono Boost)  
  22  2:02  Probe (Chrono Boost)  
  22  2:04  Adept (Chrono Boost)  
  22  2:05  Warp Gate (Chrono Boost)  
  25  2:14  Mothership Core (Chrono Boost)  
  27  2:34  Probe (Chrono Boost)  
  27  2:35  Robotics Facility, Probe (Chrono Boost)  
  29  2:45  Probe x2 (Chrono Boost)  
  30  2:55  Gateway, Probe (Chrono Boost)  
  31  2:59  Probe (Chrono Boost)  
  31  3:00  Gateway  
  31  3:06  Probe (Chrono Boost)  
  31  3:07  Adept  
  31  3:11  Probe (Chrono Boost)  
  35  3:16  Probe (Chrono Boost)  
  36  3:20  Probe (Chrono Boost)  
  36  3:23  Warp Prism (Chrono Boost)  
  39  3:28  Probe  
  39  3:31  Probe  
  41  3:36  Pylon  
  41  3:40  Probe  
  42  3:43  Probe  
  43  3:52  Pylon, Probe  
  44  3:56  Probe  
  45  4:04  Probe  
  45  4:08  Observer, Probe  
  47  4:16  Probe (Chrono Boost)  
  49  4:17  Adept  
  49  4:18  Adept  
  49  4:19  Stalker  
  49  4:21  Probe (Chrono Boost)  
  56  4:28  Twilight Council, Probe (Chrono Boost)  
  57  4:34  Probe (Chrono Boost)  
  58  4:39  Probe (Chrono Boost)  
  58  4:44  Probe (Chrono Boost)  
  58  4:45  Observer  
  59  4:49  Probe (Chrono Boost)  
  58  4:53  Stalker x2  
  58  4:59  Probe (Chrono Boost)  
  61  5:00  Probe (Chrono Boost)  
  61  5:05  Blink (Chrono Boost)  
  61  5:06  Assimilator  
  58  5:07  Nexus  
  58  5:08  Probe (Chrono Boost)  
  58  5:10  Assimilator  
  58  5:13  Forge  
  59  5:16  Stalker  
  61  5:22  Pylon  
  61  5:28  Pylon  
  61  5:40  Probe  
  61  5:41  Probe  
  61  5:42  Stalker x3  
  69  5:46  Protoss Ground Weapons Level 1 (Chrono Boost)  
  69  5:50  Probe  
  69  5:53  Probe  
  71  6:01  Probe  
  71  6:02  Pylon  
  71  6:04  Observer, Robotics Bay  
  72  6:05  Probe  
  72  6:06  Pylon  
  72  6:08  Stalker x2  
  78  6:15  Assimilator, Probe  
  78  6:17  Assimilator  
  78  6:18  Probe  
  78  6:19  Probe  
  80  6:27  Probe  
  80  6:28  Probe  
  80  6:31  Probe  
  83  6:35  Pylon  
  83  6:39  Probe x2  
  84  6:40  Robotics Facility  
  84  6:43  Probe  
  85  6:49  Probe  
  85  6:51  Probe  
  85  6:52  Disruptor  
  90  6:55  Probe  
  90  6:58  Stalker x3  
  90  6:59  Gateway  
  97  7:01  Gateway  
  97  7:02  Gateway  
  97  7:07  Pylon, Gateway  
  91  7:21  Probe  
  91  7:22  Stalker x3  
  90  7:23  Probe  
  90  7:24  Probe  
  76  7:33  Probe (Chrono Boost)  
  76  7:35  Probe (Chrono Boost)  
  76  7:36  Probe (Chrono Boost)  
  68  7:45  Probe (Chrono Boost)  
  68  7:46  Probe (Chrono Boost)  
  68  7:47  Probe (Chrono Boost)  
Show
View Real Time Build Order
Export as new Build Order

MythiC Terran - Winner!

Build Orders: Reaper Expand, MMM Bio 

Get SALT Encoding   

  12  0:01  SCV  
  13  0:13  SCV  
  14  0:18  Supply Depot  
  14  0:25  SCV  
  15  0:39  SCV  
  15  0:40  Barracks  
  16  0:45  Refinery  
  16  0:51  SCV  
  17  1:04  SCV  
  18  1:16  SCV  
  19  1:31  Orbital Command  
  19  1:32  Reaper  
  20  1:44  Command Center  
  20  1:57  SCV  
  20  2:00  Supply Depot  
  21  2:04  Barracks Reactor  
  21  2:09  SCV  
  21  2:11  Engineering Bay  
  22  2:22  SCV  
  23  2:27  Barracks  
  23  2:34  SCV  
  24  2:38  Refinery  
  24  2:43  Marine x2  
  26  2:46  SCV  
  27  2:56  Factory  
  27  2:58  SCV  
  28  3:00  Marine  
  28  3:01  Marine  
  30  3:06  Orbital Command  
  30  3:10  SCV  
  31  3:16  Barracks Tech Lab  
  31  3:18  Marine  
  32  3:22  SCV  
  32  3:23  Marine  
  34  3:31  Supply Depot  
  34  3:33  SCV  
  35  3:34  SCV  
  35  3:36  Marine  
  35  3:38  Marine  
  35  3:39  Stimpack  
  35  3:41  Widow Mine  
  38  3:45  Starport, SCV  
  38  3:47  SCV  
  42  3:51  Marine  
  43  3:57  SCV  
  43  3:59  SCV  
  45  4:04  Marine x2  
  45  4:08  Engineering Bay, Supply Depot  
  47  4:14  Widow Mine  
  47  4:15  SCV  
  47  4:16  SCV  
  51  4:22  Supply Depot  
  51  4:23  Medivac  
  53  4:25  Marine  
  53  4:30  Marine x2, SCV x2  
  56  4:42  SCV x2  
  53  4:50  Marine x2, Widow Mine  
  53  4:51  Marine  
  58  4:53  Liberator  
  58  4:54  SCV x2  
  60  5:06  SCV x2  
  61  5:07  Marine x2  
  66  5:17  Command Center  
  66  5:18  SCV x2  
  66  5:19  Terran Infantry Weapons Level 1, Supply Depot  
  68  5:24  Factory Reactor  
  68  5:30  Refinery, SCV  
  68  5:31  SCV  
  70  5:37  Supply Depot  
  70  5:40  Marine x3  
  70  5:42  Supply Depot  
  73  5:43  SCV  
  73  5:48  SCV  
  71  5:55  SCV  
  71  5:56  Combat Shields  
  68  5:58  Marine  
  68  6:00  Engineering Bay, SCV  
  68  6:01  Engineering Bay  
  68  6:02  Refinery  
  70  6:04  Marine  
  70  6:07  Marine, SCV  
  73  6:13  SCV  
  73  6:14  Medivac  
  73  6:15  Medivac  
  73  6:16  Marine, Factory Reactor  
  78  6:21  Barracks  
  78  6:24  Marine  
  79  6:28  Marine  
  79  6:30  Barracks  
  79  6:32  Barracks  
  80  6:33  Marine, SCV x2  
  80  6:35  Orbital Command  
  83  6:45  SCV  
  83  6:46  SCV  
  85  6:52  Marine x2, Widow Mine  
  85  6:53  Medivac x2, Marauder  
  95  6:58  Supply Depot, SCV x2  
  97  7:01  Widow Mine  
  97  7:02  SCV  
  100  7:10  SCV  
  101  7:22  Orbital Command  
  99  7:23  Barracks Tech Lab  
  99  7:24  Barracks Tech Lab, Barracks Reactor  
  99  7:28  SCV  
  95  7:32  SCV  
  88  7:40  SCV  
  84  7:45  SCV  
  84  7:50  Supply Depot  
  101  7:51  Supply Depot  
  101  7:52  Refinery  
Tags
 
Add a new tag
Caveats
  • Supply blocks, unpowered buildings, or Contaminate may cause inaccurate times.
  • Supply counts are checked every 10 seconds.